 Dungeon Sprint DCSS version 0.17.0-28-g6e173f8 (webtiles) character file.

375 xeno23 the Fighter (level 6, -3/97 (100) HPs)
             Began as a Minotaur Berserker on Nov 24, 2015.
             Was a Follower of Trog.
             Slain by a death drake (11 damage)
             ... in the Dungeon (Sprint II: "The Violet Keep of Menkaure").
             The game lasted 00:01:50 (192 turns).

xeno23 the Fighter (Minotaur Berserker)              Turns: 192, Time: 00:01:50

HP:   -3/97 (100)   AC:  2    Str: 28    XL:     6   Next: 44%
MP:   5/5           EV: 14    Int:  4    God:    Trog [*.....]
Gold: 243           SH:  0    Dex: 10    Spells: 0 memorised, 5 levels left

rFire  . . .     SeeInvis .     a - +0 mace
rCold  . . .     Clarity  .     b - +0 animal skin
rNeg   . . .     SustAt   .     (no shield)
rPois  .         Gourm    .     (helmet restricted)
rElec  .         Spirit   .     (no cloak)
rCorr  .         Warding  .     (no gloves)
rMut   .         NoTele   +     (no boots)
MR     .....                    (no amulet)
Stlth  ..........               (no ring)
                                (no ring)

@: berserking (expiring), lethally poisoned (-3 -> -45), slowed, not resistant
to hostile enchantments, extremely unstealthy
A: retaliatory headbutt, horns 2
a: Berserk, Burn Spellbooks, Renounce Religion


You were in the Dungeon.
You worshipped Trog.
Trog was aware of your devotion.
You were not hungry.

You visited 1 branch You collected 243 gold pieces.

Inventory:

Hand Weapons
 a - a +0 mace (weapon)
Armour
 b - a +0 animal skin (worn)
Scrolls
 i - a scroll of blinking
Potions
 d - a potion of curing
 e - a potion of heal wounds
 f - a potion of haste
 g - 2 potions of magic
 h - a potion of berserk rage
Comestibles
 c - a bread ration
 j - 2 chunks of flesh


   Skills:
 * Level 10.5 Fighting
 * Level 10.5 Maces & Flails
 + Level 6.6 Armour
 + Level 6.1 Dodging


You had 5 spell levels left.
You didn't know any spells.

Dungeon Overview and Level Annotations

Branches:
Dungeon (1/1)

Altars:
Cheibriados
Dithmenos
Elyvilon
Fedhas
Gozag
Kikubaaqudgha
Makhleb
Nemelex Xobeh
Okawaru
Qazlal
Ru
Sif Muna
Trog
Vehumet
Xom
Yredelemnul
Zin
The Shining One
Beogh
Jiyva
Lugonu


Innate Abilities, Weirdness & Mutations

You reflexively headbutt those who attack you in melee.
You have a pair of horns on your head.


Message History

You feel very sick. The death drake bites you!
* * * LOW HITPOINT WARNING * * *
You take 11 damage.
You miss the death drake. You headbutt the death drake!
The death drake is heavily wounded.
You feel less confused.
* * * LOW HITPOINT WARNING * * *
You feel very sick. The death drake bites you!
* * * LOW HITPOINT WARNING * * *
The crystal guardian fires a crystalline bolt at you.
The crystal bolt misses you.
You take 11 damage.
You closely miss the death drake.
The death drake is heavily wounded.
* * * LOW HITPOINT WARNING * * *
You feel very sick. The death drake bites you!
You die...

...## .... ... ## .. .# #.
.# .#### +.##k# ...# #..k#
###..## #k8# #+###.##..#
+@^# ##.##...#..# #..# ?(
+.<.†.##'..####..### ▓)([[
##.##...#....###.^.##▓▓▓▓▓
#+###.##......≈≈≈≈≈≈≈≈≈≈≈
###≈≈.....≈#'########
#≈≈≈≈§≈≈..≈#_._.....#
#≈≈≈≈≈≈≈≈.≈#._._....#
#≈≈§≈§≈≈≈≈≈≈#_._._...#


You could see 2 death drakes, a crystal guardian and a swamp drake.

Vanquished Creatures
  4 necrophages (D)
  A crocodile (D)
5 creatures vanquished.

Vanquished Creatures (others)
  Menkaure (D)
1 creature vanquished.

Grand Total: 6 creatures vanquished

Notes
Turn   | Place    | Note
--------------------------------------------------------------
     0 | D        | xeno23 the Minotaur Berserker began the quest for the Orb.
     0 | D        | Reached XP level 1. HP: 19/19 MP: 0/0
     1 | D        | Noticed a necrophage
     1 | D        | Noticed a necrophage
     1 | D        | Noticed a necrophage
     1 | D        | Noticed a necrophage
     4 | D        | Killed a necrophage
     4 | D        | Reached skill level 7 in Fighting
     4 | D        | Reached XP level 2. HP: 34/34 MP: 1/1
     4 | D        | Reached XP level 3. HP: 39/39 MP: 2/2
     4 | D        | Reached XP level 4. HP: 47/47 MP: 3/3
     6 | D        | Killed a necrophage
     6 | D        | Reached skill level 8 in Fighting
     6 | D        | Reached skill level 5 in Armour
     6 | D        | Reached XP level 5. HP: 48/54 MP: 4/4
     9 | D        | Killed a necrophage
     9 | D        | Reached skill level 9 in Fighting
     9 | D        | Reached skill level 5 in Dodging
    11 | D        | Killed a necrophage
    11 | D        | Reached skill level 10 in Fighting
    11 | D        | Reached skill level 10 in Maces & Flails
    11 | D        | Reached XP level 6. HP: 54/64 MP: 5/5
    16 | D        | Killed Menkaure
    43 | D        | Found a viscous altar of Jiyva.
    43 | D        | Found a radiant altar of Vehumet.
    43 | D        | Found a sacrificial altar of Ru.
    44 | D        | Found a burning altar of Makhleb.
    44 | D        | Found a shimmering altar of Xom.
    44 | D        | Found a deep blue altar of Sif Muna.
    45 | D        | Found a bloodstained altar of Trog.
    45 | D        | Found a stormy altar of Qazlal.
    45 | D        | Found a white marble altar of Elyvilon.
    45 | D        | Found a sparkling altar of Nemelex Xobeh.
    46 | D        | Noticed a crocodile
    46 | D        | Found an opulent altar of Gozag.
    46 | D        | Found an iron altar of Okawaru.
    46 | D        | Found a blossoming altar of Fedhas.
    49 | D        | Killed a crocodile
    53 | D        | Found an ancient bone altar of Kikubaaqudgha.
    54 | D        | Found a glowing silver altar of Zin.
    54 | D        | Found a shadowy altar of Dithmenos.
    54 | D        | Found a corrupted altar of Lugonu.
    55 | D        | Found a glowing golden altar of the Shining One.
    55 | D        | Found a basalt altar of Yredelemnul.
    55 | D        | Found a roughly hewn altar of Beogh.
    65 | D        | Found a snail-covered altar of Cheibriados.
   180 | D        | Noticed a death drake
   181 | D        | Noticed a crystal guardian
   181 | D        | Noticed a swamp drake
   181 | D        | Noticed a swamp drake
   182 | D        | Noticed a death drake
   192 | D        | Slain by a death drake

Action                   |  1- 3 |  4- 6 || total
-------------------------+-------+-------++-------
Melee: Mace              |     2 |    14 ||    16
Invok: Berserk           |     1 |     1 ||     2
